 Dungeon Crawl Stone Soup version 0.29.1-4-g47bece8355 (webtiles) character file.

Game seed: 9571710513240915975

151 warriortoast the Conjurer (level 5, 11/38 HPs)
             Began as a Draconian Conjurer on Dec 3, 2022.
             Quit the game in a sewer.
             The game lasted 00:06:07 (2923 turns).

warriortoast the Conjurer (Draconian Conjurer)      Turns: 2923, Time: 00:06:08

Health: 11/38      AC:  7    Str:  9    XL:     5   Next: 11%
Magic:  3/9        EV: 12    Int: 21    God:
Gold:   117        SH:  0    Dex:  9    Spells: 9/10 levels left

rFire   . . .      SeeInvis .   n - +2 dagger (venom)
rCold   . . .      Faith    .   (no shield)
rNeg    . . .      Spirit   .   (body armour unavailable)
rPois   .          Reflect  .   (helmet restricted)
rElec   .          Harm     .   (no cloak)
rCorr   .          Rampage  .   c - +0 pair of gloves
Will    .....                   p - +0 pair of boots
Stlth   ++........              (no amulet)
HPRegen 0.12/turn               (no ring)
MPRegen 0.11/turn               (no ring)

@: lethally poisoned (11 -> -8), slowed, very slow
A: AC +5, unfitting armour, cold-blooded
a: no special abilities


You were in a sewer.
You visited 1 branch of the dungeon, and saw 3 of its levels.
You also visited: Sewer.

You collected 117 gold pieces.

Inventory:

Hand Weapons
 n - a +2 dagger of venom (weapon)
Armour
 c - a +0 pair of gloves (worn)
 p - a +0 pair of boots (worn)
Jewellery
 h - a ring of positive energy
Scrolls
 d - a scroll of butterflies
 j - 2 scrolls of identify
 m - 2 scrolls of magic mapping
Potions
 a - a potion of magic
 b - 4 potions of mutation
 f - a potion of haste {unknown}
 g - a potion of ambrosia
 i - 2 potions of attraction


   Skills:
 + Level 2.8 Dodging
 + Level 3.0 Stealth
 + Level 3.0 Spellcasting
 + Level 4.7 Conjurations


You had 9 spell levels left.
You knew the following spells:

 Your Spells              Type           Power      Damage    Failure   Level
a - Magic Dart            Conj           92%        1d7       1%          1

Your spell library contained the following spells:

 Spells                   Type           Power      Damage    Failure   Level
 Searing Ray              Conj           46%        2d6       3%          2
 Dazzling Flash           Conj/Hex       26%        N/A       16%         3
 Blink                    Tloc           6%         N/A       21%         2
 Call Canine Familiar     Summ           3%         N/A       36%         3
 Lesser Beckoning         Tloc           3%         N/A       36%         3
 Portal Projectile        Hex/Tloc       6%         N/A       36%         3
 Fulminant Prism          Conj/Hex       6%         3d7       45%         4
 Iskenderun's Mystic Bla  Conj/Tloc      13%        2d5       45%         4
 Leda's Liquefaction      Hex/Erth       1%         N/A       78%         4
 Manifold Assault         Tloc           3%         N/A       98%         5


Dungeon Overview and Level Annotations

Branches:
Dungeon (3/15)              Sewer (1/1)

Altars:

Shops:
D:2 =


Innate Abilities, Weirdness & Mutations

Your plain brown scales are hard. (AC +5)
You cannot fit into any form of body armour.
You are cold-blooded and may be slowed by cold attacks.


Message History

The kobold brigand is lightly wounded.
You feel very sick.
The kobold brigand throws a curare-tipped dart.
The curare-tipped dart closely misses you.
The magic dart hits the kobold brigand.
The kobold brigand is moderately wounded.
You feel very sick.
The magic dart hits the kobold brigand but does no damage.
The kobold brigand is moderately wounded.
You feel very sick.
You are too injured to fight recklessly!
Aiming: Magic Dart (safe; 1% risk of failure)
Press: ? - help, Q - select action Shift-Dir - straight line, f/p - kobold brigand
Aim: a kobold brigand, wielding a +0 club and quivering curare-tipped darts (moderately wounded, 100% to hit)
The magic dart hits the kobold brigand.
The kobold brigand is heavily wounded.
You feel sick.
The kobold brigand throws a curare-tipped dart.
The curare-tipped dart hits you.
You are lethally poisoned!
You have difficulty breathing.
You feel as though you will be slow longer.
A giant cockroach comes into view.
You feel better.
The kobold brigand throws a curare-tipped dart.
The curare-tipped dart closely misses you.
Aiming: Magic Dart (safe; 1% risk of failure)
Press: ? - help, Q - select action Shift-Dir - straight line, f/p - kobold brigand
Aim: a kobold brigand, wielding a +0 club and quivering curare-tipped darts (heavily wounded, 100% to hit)
The magic dart hits the kobold brigand.
The kobold brigand is heavily wounded.
The kobold brigand throws a curare-tipped dart.
The curare-tipped dart hits you.
You are lethally poisoned!
You have difficulty breathing.
* * * LOW HITPOINT WARNING * * *
You feel as though you will be slow longer.
Unknown command.
Okay, then.
Are you sure you want to abandon this character and quit the game? (Confirm with "yes".)

~~~~~~~~~~~~~~~~~~≈#
≈≈≈≈~≈≈≈≈≈~≈≈≈≈≈~≈≈#
~~~~~~~~~~~~~~~)~~≈#
~############~~########'###
~~~........~P~~~.#....#...#
~~P........~~~~..'.)∩.#.).#
P.......B........'....#.∩.#
......P...P......#....#####
...........K.@.########
...####.....##.# ##########


You could see a kobold brigand and a giant cockroach.

Vanquished Creatures
  A kobold brigand (Sewer)
  An adder (D:3)
  A river rat (D:3)
  2 worms (D:2)
  A dart slug (D:1)
  2 ball pythons (D:2)
  5 endoplasms
  4 giant cockroaches
  5 goblins
  3 hobgoblins (D:1)
  5 quokkas
  5 bats
  3 frilled lizards
  8 kobolds
  10 rats
56 creatures vanquished.

Vanquished Creatures (others)
  7 plants (Sewer)
7 creatures vanquished.

Grand Total: 63 creatures vanquished

Notes
Turn   | Place    | Note
-------+----------+-------------------------------------------
     0 | D:1      | warriortoast the Draconian Conjurer began the quest for the
                  | Orb.
     0 | D:1      | Reached XP level 1. HP: 14/14 MP: 3/3
   381 | D:1      | Reached XP level 2. HP: 20/20 MP: 3/5
  1130 | D:2      | Reached XP level 3. HP: 26/26 MP: 3/6
  1297 | D:2      | Found Noyphedgh's Jewellery Shop.
  2451 | D:3      | Reached XP level 4. HP: 33/33 MP: 3/7
  2493 | D:3      | Found a glowing drain.
  2500 | Sewer    | Entered a sewer
  2527 | Sewer    | Noticed a kobold brigand
  2527 | Sewer    | Noticed a kobold brigand
  2600 | Sewer    | Killed a kobold brigand
  2601 | Sewer    | Reached XP level 5. HP: 38/38 MP: 1/9
  2923 | Sewer    | Quit the game

Illustrated notes

Levels and vault maps discovered:
D:1:      spicycebolla_green_bress_n_ham_2, layout_basic
D:2:      minmay_razor_zed, layout_rooms, serial_shops, nicolae_diamond_shop,
          minmay_tromino_mix6
D:3:      layout_loops_corners, gup_sewer_entry_bubbles, grunt_decor_fettered
Sewer:    kennysheep_pipe_town

Skill      XL: |  1  2  3  4 |
---------------+-------------+-----
Stealth        | 2 3 |  3.0
Dodging        | 2 |  2.8
Spellcasting   | 3 |  3.0
Conjurations   | |  4.7

Action                   |  1- 3 |  4- 6 || total
-------------------------+-------+-------++-------
Melee: Unarmed           |     2 |       ||     2
       Dagger            |     8 |    21 ||    29
       Tailslap          |       |     5 ||     5
 Cast: Magic Dart        |    92 |    18 ||   110
  Use: Scroll            |     5 |     1 ||     6
       Potion            |       |     5 ||     5
 Stab: Sleeping          |     2 |       ||     2
Armor: Skin              |     5 |     5 ||    10
Dodge: Dodged            |     8 |    15 ||    23
